[ AOE2 MATCH · #506803197 ]
UnrankedBulgarians vs Franks
Player's team · LOSS
Rival team · WIN
[ REPLAY ANALYSIS · EXTRACTED FROM THE RECORDED GAME ]
Feudal
11:23
Castle
24:01
Imperial
37:00
| APM avg | 63.5 |
| APM peak | 101 |
| eAPM avg | 30.9 |
| Villagers / military | 140 / 120 |
Focus
⚔️ 45.7% · 🌾 54.3%
Spearman ×56 · Konnik ×24 · Skirmisher ×16 · Militia ×15 · Trebuchet (Packed) ×6 · Scout Cavalry ×2
Feudal
8:57
Castle
22:54
Imperial
37:08
| APM avg | 54.1 |
| APM peak | 120 |
| eAPM avg | 26.5 |
| Villagers / military | 132 / 95 |
Focus
⚔️ 33.5% · 🌾 66.5%
Knight ×49 · Throwing Axeman ×21 · Archer ×10 · Scout Cavalry ×8 · Trebuchet (Packed) ×4 · Monk ×3
Match map
Initial resources + every placement click. Lines = walls · curves = elevation contours. ◆ gold · ⬟ stone · ● berries · ✦ relic · ◌ wall gap
Your base· ✓ Closed at 24:01 · 56t walls · 1 gate(s)
午安小丑's base· Open — opponent sealed themselves in
Smoothed initial terrain · ◌ = detected wall gap · hover for details
Inputs per minute
— ferminsin - - 午安小丑
Build order — ferminsin
First 150 of 415 actions detected
| 0:01 | Queue | Villager (Male) |
| 0:02 | Queue | Villager (Male) |
| 0:02 | Queue | Villager (Male) |
| 0:03 | Build | House |
| 0:05 | Build | House |
| 0:10 | Queue | Villager (Male) |
| 0:10 | Queue | Villager (Male) |
| 1:25 | Queue | Villager (Male) |
| 1:26 | Queue | Villager (Male) |
| 1:26 | Queue | Villager (Male) |
| 1:49 | Queue | Villager (Male) |
| 1:50 | Queue | Villager (Male) |
| 1:55 | Build | Lumber Camp |
| 2:25 | Queue | Villager (Male) |
| 2:56 | Queue | Villager (Male) |
| 2:57 | Queue | Villager (Male) |
| 2:58 | Queue | Villager (Male) |
| 2:59 | Build | House |
| 3:17 | Build | House |
| 3:36 | Queue | Villager (Male) |
| 3:36 | Queue | Villager (Male) |
| 4:13 | Queue | Villager (Male) |
| 4:13 | Queue | Villager (Male) |
| 4:13 | Queue | Villager (Male) |
| 4:14 | Queue | Villager (Male) |
| 5:03 | Queue | Villager (Male) |
| 5:03 | Queue | Villager (Male) |
| 5:05 | Queue | Villager (Male) |
| 5:05 | Queue | Villager (Male) |
| 5:06 | Queue | Villager (Male) |
| 5:08 | Build | Barracks |
| 5:35 | Queue | Villager (Male) |
| 5:35 | Queue | Villager (Male) |
| 5:47 | Build | House |
| 6:03 | Queue | Villager (Male) |
| 6:17 | Queue | Militia |
| 6:30 | Queue | Militia |
| 6:31 | Queue | Militia |
| 6:32 | Queue | Villager (Male) |
| 6:32 | Queue | Villager (Male) |
| 6:33 | Queue | Villager (Male) |
| 6:48 | Build | Mill |
| 7:10 | Queue | Villager (Male) |
| 7:26 | Build | Mining Camp |
| 7:40 | Queue | Villager (Male) |
| 7:40 | Queue | Villager (Male) |
| 7:41 | Queue | Villager (Male) |
| 7:57 | Queue | Villager (Male) |
| 7:57 | Queue | Villager (Male) |
| 8:35 | Research | Loom |
| 9:09 | Research | Feudal Age |
| 9:11 | Build | House |
| 9:30 | Queue | Militia |
| 9:30 | Queue | Militia |
| 9:30 | Queue | Militia |
| 10:20 | Queue | Militia |
| 10:21 | Queue | Militia |
| 10:57 | Queue | Militia |
| 10:58 | Queue | Villager (Male) |
| 11:23 | Age | Feudal Age |
| 11:28 | Build | Archery Range |
| 11:31 | Queue | Villager (Male) |
| 11:35 | Research | Double-Bit Axe |
| 11:35 | Research | Double-Bit Axe |
| 11:39 | Build | Farm |
| 11:40 | Build | Farm |
| 11:42 | Build | Farm |
| 11:49 | Queue | Spearman |
| 11:52 | Build | Palisade Wall |
| 11:52 | Build | Palisade Wall |
| 11:56 | Build | Palisade Wall |
| 11:56 | Queue | Villager (Male) |
| 12:03 | Build | Blacksmith |
| 12:10 | Queue | Spearman |
| 12:12 | Queue | Villager (Male) |
| 12:20 | Queue | Villager (Male) |
| 12:22 | Build | House |
| 12:24 | Build | House |
| 12:30 | Build | Palisade Wall |
| 12:33 | Build | Palisade Wall |
| 12:34 | Queue | Skirmisher |
| 12:34 | Queue | Skirmisher |
| 12:35 | Queue | Villager (Male) |
| 12:50 | Build | Palisade Gate |
| 12:52 | Build | Palisade Wall |
| 12:58 | Queue | Skirmisher |
| 13:06 | Queue | Villager (Male) |
| 13:08 | Build | House |
| 13:14 | Build | Palisade Wall |
| 13:15 | Queue | Villager (Male) |
| 13:21 | Build | Lumber Camp |
| 13:23 | Queue | Skirmisher |
| 13:30 | Build | Palisade Wall |
| 14:05 | Build | Farm |
| 14:08 | Build | Farm |
| 14:09 | Research | Fletching |
| 14:09 | Queue | Villager (Male) |
| 14:25 | Build | House |
| 14:27 | Build | Palisade Wall |
| 14:31 | Queue | Skirmisher |
| 14:35 | Build | Farm |
| 14:38 | Build | Farm |
| 14:42 | Queue | Skirmisher |
| 14:53 | Research | Padded Archer Armor |
| 15:16 | Queue | Skirmisher |
| 15:20 | Queue | Villager (Male) |
| 15:36 | Build | Farm |
| 15:36 | Build | Farm |
| 15:36 | Build | Farm |
| 15:41 | Queue | Villager (Male) |
| 15:43 | Queue | Skirmisher |
| 15:44 | Queue | Skirmisher |
| 16:04 | Research | Arson |
| 16:04 | Research | Arson |
| 16:06 | Build | Farm |
| 16:08 | Build | Farm |
| 16:11 | Build | Farm |
| 16:25 | Queue | Skirmisher |
| 16:31 | Queue | Skirmisher |
| 16:41 | Queue | Villager (Male) |
| 16:44 | Queue | Skirmisher |
| 16:47 | Build | House |
| 16:53 | Queue | Skirmisher |
| 17:05 | Queue | Villager (Male) |
| 17:06 | Queue | Skirmisher |
| 17:14 | Build | House |
| 17:16 | Build | House |
| 17:19 | Build | Palisade Wall |
| 17:21 | Queue | Spearman |
| 17:21 | Queue | Spearman |
| 17:21 | Queue | Spearman |
| 17:30 | Queue | Villager (Male) |
| 17:43 | Build | Palisade Wall |
| 17:51 | Queue | Villager (Male) |
| 18:01 | Build | Palisade Wall |
| 18:09 | Research | Scale Mail Armor |
| 18:33 | Queue | Villager (Male) |
| 18:34 | Build | Farm |
| 18:47 | Queue | Villager (Male) |
| 18:51 | Build | Mill |
| 18:52 | Build | Farm |
| 18:52 | Build | Farm |
| 18:53 | Build | Farm |
| 19:03 | Build | Farm |
| 19:18 | Queue | Villager (Male) |
| 19:20 | Build | Market |
| 19:25 | Research | Town Watch |
| 21:21 | Research | Castle Age |
| 21:21 | Research | Castle Age |
| 21:28 | Queue | Spearman |
Build order — 午安小丑
First 150 of 382 actions detected
| 0:00 | Queue | Villager (Male) |
| 0:00 | Queue | Villager (Male) |
| 0:01 | Build | House |
| 0:03 | Build | House |
| 0:10 | Queue | Villager (Male) |
| 0:10 | Queue | Villager (Male) |
| 1:45 | Queue | Villager (Male) |
| 1:59 | Queue | Villager (Male) |
| 2:26 | Queue | Villager (Male) |
| 2:26 | Queue | Villager (Male) |
| 2:48 | Build | Lumber Camp |
| 2:56 | Queue | Villager (Male) |
| 3:17 | Queue | Villager (Male) |
| 3:48 | Queue | Villager (Male) |
| 3:53 | Build | House |
| 3:55 | Build | House |
| 4:12 | Queue | Villager (Male) |
| 4:12 | Queue | Villager (Male) |
| 4:30 | Queue | Villager (Male) |
| 4:30 | Queue | Villager (Male) |
| 5:05 | Queue | Villager (Male) |
| 5:06 | Queue | Villager (Male) |
| 5:08 | Build | Mill |
| 5:18 | Research | Loom |
| 6:47 | Research | Feudal Age |
| 8:01 | Build | Barracks |
| 8:06 | Build | Palisade Wall |
| 8:07 | Build | Palisade Wall |
| 8:10 | Build | Palisade Wall |
| 8:13 | Build | Palisade Wall |
| 8:20 | Build | Mining Camp |
| 8:34 | Queue | Villager (Male) |
| 8:56 | Build | Palisade Wall |
| 8:57 | Age | Feudal Age |
| 8:59 | Queue | Villager (Male) |
| 9:12 | Queue | Villager (Male) |
| 9:29 | Build | Archery Range |
| 9:32 | Build | House |
| 9:43 | Build | Palisade Wall |
| 9:49 | Build | Palisade Wall |
| 9:52 | Queue | Villager (Male) |
| 10:08 | Queue | Archer |
| 10:19 | Queue | Archer |
| 10:20 | Queue | Villager (Male) |
| 10:40 | Queue | Villager (Male) |
| 10:54 | Queue | Archer |
| 11:08 | Queue | Villager (Male) |
| 11:09 | Build | Farm |
| 11:10 | Build | Farm |
| 11:25 | Queue | Villager (Male) |
| 11:35 | Build | Palisade Wall |
| 11:43 | Queue | Villager (Male) |
| 11:47 | Queue | Archer |
| 11:57 | Research | Double-Bit Axe |
| 12:02 | Build | House |
| 12:04 | Build | House |
| 12:11 | Research | Town Watch |
| 12:15 | Queue | Archer |
| 12:21 | Build | Farm |
| 12:34 | Build | House |
| 12:35 | Build | House |
| 12:39 | Queue | Villager (Male) |
| 12:41 | Build | Farm |
| 12:54 | Queue | Villager (Male) |
| 12:57 | Queue | Archer |
| 13:00 | Build | Palisade Wall |
| 13:12 | Build | Farm |
| 13:21 | Queue | Villager (Male) |
| 13:24 | Build | House |
| 13:54 | Queue | Villager (Male) |
| 13:57 | Build | Farm |
| 13:58 | Build | Farm |
| 14:05 | Build | Farm |
| 14:12 | Queue | Archer |
| 14:13 | Queue | Villager (Male) |
| 14:21 | Build | Stable |
| 14:39 | Queue | Villager (Male) |
| 14:41 | Build | Farm |
| 14:47 | Build | Palisade Wall |
| 14:55 | Queue | Villager (Male) |
| 15:21 | Queue | Villager (Male) |
| 15:22 | Build | Farm |
| 15:24 | Queue | Scout Cavalry |
| 15:28 | Build | Blacksmith |
| 15:34 | Queue | Archer |
| 15:43 | Build | Farm |
| 15:52 | Build | House |
| 15:53 | Build | House |
| 15:58 | Queue | Villager (Male) |
| 16:12 | Queue | Scout Cavalry |
| 16:13 | Queue | Villager (Male) |
| 16:15 | Build | Farm |
| 16:21 | Research | Fletching |
| 16:42 | Queue | Scout Cavalry |
| 16:48 | Build | Farm |
| 16:56 | Queue | Villager (Male) |
| 17:01 | Build | Farm |
| 17:06 | Queue | Scout Cavalry |
| 17:34 | Queue | Villager (Male) |
| 17:43 | Build | Farm |
| 17:44 | Queue | Villager (Male) |
| 17:52 | Build | Farm |
| 17:54 | Build | Farm |
| 17:56 | Queue | Scout Cavalry |
| 18:03 | Queue | Archer |
| 18:03 | Queue | Villager (Male) |
| 18:11 | Queue | Villager (Male) |
| 18:16 | Build | Farm |
| 18:21 | Build | Farm |
| 18:23 | Queue | Villager (Male) |
| 18:41 | Queue | Archer |
| 18:45 | Queue | Villager (Male) |
| 19:03 | Build | Market |
| 19:24 | Build | Farm |
| 19:25 | Build | Farm |
| 19:55 | Queue | Villager (Male) |
| 20:04 | Build | House |
| 20:08 | Build | Farm |
| 20:14 | Research | Castle Age |
| 20:20 | Build | House |
| 21:01 | Queue | Villager (Male) |
| 21:03 | Build | House |
| 21:08 | Build | Stable |
| 21:17 | Research | Scale Barding Armor |
| 21:18 | Research | Forging |
| 21:24 | Build | House |
| 21:30 | Build | House |
| 21:35 | Research | Gold Mining |
| 22:26 | Build | House |
| 22:32 | Queue | Scout Cavalry |
| 22:32 | Queue | Scout Cavalry |
| 22:54 | Age | Castle Age |
| 22:58 | Queue | Knight |
| 22:58 | Queue | Knight |
| 23:01 | Research | Chain Barding Armor |
| 23:06 | Research | Bow Saw |
| 23:07 | Queue | Villager (Male) |
| 23:15 | Build | Town Center |
| 23:21 | Build | House |
| 23:28 | Queue | Knight |
| 23:28 | Queue | Knight |
| 23:29 | Queue | Villager (Male) |
| 23:36 | Queue | Knight |
| 23:36 | Queue | Knight |
| 23:50 | Queue | Villager (Male) |
| 23:59 | Research | Wheelbarrow |
| 24:03 | Queue | Villager (Male) |
| 24:05 | Queue | Knight |
| 24:18 | Queue | Villager (Male) |
| 24:27 | Build | Monastery |
Match timeline
| 5:08 | ferminsin · first_building Barracks |
| 8:01 | 午安小丑 · first_building Barracks |
| 8:06 | 午安小丑 · wall_segment Palisade Wall x1 |
| 8:07 | 午安小丑 · wall_segment Palisade Wall x1 |
| 8:10 | 午安小丑 · wall_segment Palisade Wall x1 |
| 8:13 | 午安小丑 · wall_segment Palisade Wall x1 |
| 8:56 | 午安小丑 · wall_segment Palisade Wall x4 |
| 8:57 | 午安小丑 · age_up feudal |
| 9:29 | 午安小丑 · first_building Archery Range |
| 9:43 | 午安小丑 · wall_segment Palisade Wall x15 |
| 9:49 | 午安小丑 · wall_segment Palisade Wall x1 |
| 11:23 | ferminsin · age_up feudal |
| 11:28 | ferminsin · first_building Archery Range |
| 11:35 | 午安小丑 · wall_segment Palisade Wall x5 |
| 11:52 | ferminsin · wall_segment Palisade Wall x1 |
| 11:52 | ferminsin · wall_segment Palisade Wall x4 |
| 11:56 | ferminsin · wall_segment Palisade Wall x11 |
| 12:30 | ferminsin · wall_segment Palisade Wall x5 |
| 12:33 | ferminsin · wall_segment Palisade Wall x5 |
| 12:52 | ferminsin · wall_segment Palisade Wall x1 |
| 13:00 | 午安小丑 · wall_segment Palisade Wall x1 |
| 13:14 | ferminsin · wall_segment Palisade Wall x10 |
| 13:30 | ferminsin · wall_segment Palisade Wall x1 |
| 14:21 | 午安小丑 · first_building Stable |
| 14:27 | ferminsin · wall_segment Palisade Wall x15 |
| 14:47 | 午安小丑 · wall_segment Palisade Wall x1 |
| 17:19 | ferminsin · wall_segment Palisade Wall x1 |
| 17:43 | ferminsin · wall_segment Palisade Wall x1 |
| 18:01 | ferminsin · wall_segment Palisade Wall x1 |
| 20:43 | ferminsin · first_market_buy 100 food |
| 20:44 | ferminsin · first_market_sell 100 wood |
| 22:54 | 午安小丑 · age_up castle |
| 24:01 | ferminsin · age_up castle |
| 24:10 | ferminsin · wall_segment Palisade Wall x3 |
| 24:11 | ferminsin · wall_segment Palisade Wall x3 |
| 24:16 | ferminsin · wall_segment Palisade Wall x1 |
| 24:27 | 午安小丑 · first_building Monastery |
| 25:24 | ferminsin · wall_segment Palisade Wall x1 |
| 25:28 | ferminsin · wall_segment Palisade Wall x1 |
| 25:28 | ferminsin · wall_segment Palisade Wall x2 |
| 25:28 | ferminsin · wall_segment Palisade Wall x2 |
| 25:29 | ferminsin · wall_segment Palisade Wall x1 |
| 25:29 | ferminsin · wall_segment Palisade Wall x1 |
| 25:52 | ferminsin · first_building Stable |
| 28:17 | ferminsin · wall_segment Palisade Wall x3 |
| 28:18 | ferminsin · wall_segment Palisade Wall x3 |
| 28:20 | ferminsin · wall_segment Palisade Wall x8 |
| 28:50 | 午安小丑 · first_building Castle |
| 30:02 | ferminsin · first_building Krepost |
| 32:41 | ferminsin · wall_segment Palisade Wall x1 |
| 32:57 | ferminsin · wall_segment Palisade Wall x1 |
| 33:31 | ferminsin · wall_segment Palisade Wall x2 |
| 36:51 | 午安小丑 · first_market_sell 100 food |
| 36:51 | 午安小丑 · first_market_buy 100 wood |
| 36:59 | ferminsin · first_building Castle |
| 37:00 | ferminsin · age_up imperial |
| 37:08 | 午安小丑 · age_up imperial |
| 38:48 | 午安小丑 · wall_segment Palisade Wall x1 |
| 42:29 | ferminsin · resign |
[ AI ANALYSIS · 1 CREDIT ]
What really happened in this match?
Wolo.gg analyzes every decision: build order, eco, micro, common mistakes by bracket. Personalized analysis on WhatsApp or Discord in 30 seconds.
Civ guide
Bulgarians
Perfil
Jugador #9211917